AoeStats
← popcorn6856

MegaRandom

503273676Analyzed
1v1 RM · 2mo ago on Aug 30, 2026· 24m 17s· 2 players
Game mode
Random Map
Map size
Tiny (2 player)
Population
200
Speed
Normal
Resources
Standard
Victory
Conquest
Starting age
Dark Age
Ending age
Imperial Age
RankedLock teamsTeams togetherTeam positionsShared explorationLock speedFull tech treeHidden civsTurbo modeCheats
Victory
Defeat
🇲🇽 Portuguese · Mexico
286
+15
vs
🇪🇸 Burgundians · Spain
259
-15
popcorn6856
5:25 Loom
13:07 Feudal Age
13:22 Wheelbarrow
13:36 Town Watch
13:52 Horse Collar
16:17 Double-Bit Axe
22:11 Hand Cart
ramoncoronadolopez00
11:14 Feudal Age
13:50 Man-at-Arms
20:01 Wheelbarrow
Connection lost

Rejoining the realm…

Still unreachable

The connection could not be restored.

Session expired

The server has moved on; the page needs a fresh start.